 Seeded DCSS version 0.30.1 (webtiles) character file.

Game seed: 1882581695637917331 (custom seed)

59 McKennaii the Conjurer (level 3, 0/26 HPs)
             Began as a Demigod Conjurer on July 12, 2023.
             Slain by Terence
             ... wielding a +0 hand axe
              (7 damage)
             ... on level 2 of the Dungeon.
             The game lasted 00:00:58 (2271 turns).

McKennaii the Conjurer (Demigod Conjurer)           Turns: 2271, Time: 00:00:58

Health: 0/26       AC:  3    Str:  6 (8)  XL:     3   Next: 54%
Magic:  1/9        EV: 12    Int: 22 (24) God:
Gold:   100        SH:  0    Dex: 10 (12) Spells: 6/7 levels left

rFire   . . .        p - +2 short sword (holy)
rCold   . . .        (no shield)
rNeg    . . .        a - +0 robe
rPois   .            (no helmet)
rElec   .            (no cloak)
rCorr   .            (no gloves)
SInv    .            l - +0 pair of boots
Will    .....        (no amulet)
Stlth   ++           (no ring)
HPRegen 0.24/turn    (no ring)
MPRegen 0.11/turn

%: no passive effects
@: invisible
A: high MP 1, forlorn, divine attributes
a: no special abilities


You were on level 2 of the Dungeon.
You visited 1 branch of the dungeon, and saw 3 of its levels.

You collected 100 gold pieces.

Inventory:

Hand Weapons
 p - a +2 short sword of holy wrath (weapon)
Armour
 a - a +0 robe (worn)
 l - a +0 pair of boots (worn)
Scrolls
 d - 4 scrolls of identify {unknown}
 e - 3 scrolls of amnesia {unknown}
 f - a scroll of poison {unknown}
 h - a scroll of silence {unknown}
 i - a scroll of magic mapping {unknown}
 j - 2 scrolls of enchant weapon {unknown}
 n - 2 scrolls of blinking {unknown}
Potions
 b - a potion of magic
 c - a potion of ambrosia {unknown}
 g - a potion of curing {unknown}


   Skills:
 - Level 1.7 Dodging
 - Level 1.7 Stealth
 + Level 2.8 Spellcasting
 + Level 4.3 Conjurations


You had 6 spell levels left.
You knew the following spells:

 Your Spells              Type           Power      Damage    Failure   Level
a - Magic Dart            Conj           88%        1d7       2%          1

Your spell library contained the following spells:

 Spells                   Type           Power      Damage    Failure   Level
 Searing Ray              Conj           44%        2d6       3%          2
 Dazzling Flash           Conj/Hex       24%        N/A       16%         3
 Tukima's Dance           Hex            3%         N/A       36%         3
 Fulminant Prism          Conj/Hex       6%         3d6       45%         4
 Iskenderun's Mystic Bla  Conj/Tloc      12%        2d5       45%         4
 Passage of Golubria      Tloc           3%         N/A       77%         4
 Yara's Violent Unravell  Hex/Tmut       1%         3d3       98%         5


Dungeon Overview and Level Annotations

Branches:
Dungeon (3/15)

Annotations:
D:2 Terence


Innate Abilities, Weirdness & Mutations

You have an increased reservoir of magic. (+10% MP)
You shall have no god before yourself.
Your divine heritage dramatically boosts your attributes as you level up.


Message History

The magic dart hits Terence but does no damage.
Terence is heavily wounded.
Terence hits you with a +0 hand axe.
Casting: Magic Dart (safe; 1% risk of failure)
Confirm with . or Enter, or press ? or * to list all spells.
Aiming: Magic Dart (safe; 1% risk of failure)
Press: ? - help, Shift-Dir - straight line, f/p - Terence
Aim: Terence, wielding a +0 hand axe and wearing a +2 scale mail of willpower (heavily wounded, 100% to hit)
The magic dart hits Terence but does no damage.
Terence is heavily wounded.
Terence hits you with a +0 hand axe!
Casting: Magic Dart (safe; 1% risk of failure)
Confirm with . or Enter, or press ? or * to list all spells.
Aiming: Magic Dart (safe; 1% risk of failure)
Press: ? - help, Shift-Dir - straight line, f/p - Terence
Aim: Terence, wielding a +0 hand axe and wearing a +2 scale mail of willpower (heavily wounded, 100% to hit)
The magic dart hits Terence but does no damage.
Terence is heavily wounded.
Terence completely misses you.
Casting: Magic Dart (safe; 1% risk of failure)
Confirm with . or Enter, or press ? or * to list all spells.
You don't have enough magic to cast this spell.
Unknown command.
Unknown command.
It was a potion of degeneration.
There was something very wrong with that liquid.
You feel weakened.
You feel dopey.
You feel clumsy. Terence barely misses you.
It was a potion of cancellation.
You feel magically purged. Terence closely misses you.
It was a potion of invisibility.
You fade into invisibility!
Terence hits you with a +0 hand axe!
* * * LOW HITPOINT WARNING * * *
You strike the helpless Terence from behind!
You hit Terence.
Terence is almost dead.
Terence screams, "I want your blood!" Terence hits you with a +0 hand axe!
You die...

#.#..#......(....(.#####.#
#...#.##..######...# #..
#..###.#..# #...# #.#
###.#)#.#.######...#####..
#.#.###..................
#.##)#...>...............
#......#..#####...###...#
####........[.....###.#..
#.....@................
###..#.@...............
#....................
#..#...####...###.#.#
#..#...........##.#.#
#..#..#..[#..#..#.#.#
#..#..#...#..##...#.#
########............####..<#
#...........................


You could see Terence (unable to see you).

Vanquished Creatures
  2 adders (D:2)
  2 dart slugs
  2 bats
  5 endoplasms
  3 goblins
  6 hobgoblins
  2 jackals (D:3)
  3 kobolds
  A quokka (D:2)
  A ball python (D:2)
  2 frilled lizards (D:2)
  5 rats
34 creatures vanquished.

Notes
Turn   | Place    | Note
-------+----------+-------------------------------------------
     0 | D:1      | McKennaii the Demigod Conjurer began the quest for the Orb.
     0 | D:1      | Reached XP level 1. HP: 14/14 MP: 5/5
   498 | D:1      | Reached XP level 2. HP: 20/20 MP: 4/7
  1044 | D:2      | Reached skill level 4 in Conjurations
  1303 | D:2      | Reached XP level 3. HP: 26/26 MP: 5/9
  2249 | D:3      | Noticed Terence
  2271 | D:2      | Slain by Terence

Illustrated notes

Levels and vault maps discovered:
D:1:      dpeg_arrival_erosion, layout_basic
D:2:      layout_basic, minmay_tripent
D:3:      layout_loops_ring, nicolae_wu_jian_wuxing_cycle, serial_bayou_pond_d,
          uniq_ijyb, uniq_terence

Skill      XL: |  1  2 |
---------------+-------+-----
Spellcasting   | 2 |  2.8
Conjurations   | 4 |  4.3
Dodging        | |  1.7
Stealth        | |  1.7

Action                     || total
---------------------------++-------
  Melee: Unarmed           ||     9
         Short sword       ||     1
   Cast: Magic Dart        ||    73
    Use: Potion            ||     3
   Stab: Invisible         ||     1
 Armour: Robe              ||     3
  Dodge: Dodged            ||    16
